 Dungeon Crawl Stone Soup version 0.20.1-1-g8b1a95d (webtiles) character file.

2431 MrModeste the Ruffian (level 9, 0/92 HPs)
             Began as a Troll Berserker on July 13, 2017.
             Was a Priest of Trog.
             Slain by a vampire (6 damage)
             ... on level 7 of the Dungeon.
             The game lasted 00:09:58 (5553 turns).

MrModeste the Ruffian (Troll Berserker)             Turns: 5553, Time: 00:09:59

Health: 0/92       AC:  5    Str: 27    XL:     9   Next: 24%
Magic:  8/8        EV: 19    Int:  3    God:    Trog [***...]
Gold:   313        SH:  0    Dex: 17    Spells: 8/8 levels left

rFire    + . .     SeeInvis .     - Unarmed
rCold    + . .     Gourm    +   (no shield)
rNeg     . . .     Faith    .   a - +0 animal skin
rPois    .         Spirit   .   (helmet restricted)
rElec    .         Reflect  .   (no cloak)
rCorr    .         Harm     +   (gloves unavailable)
MR       ++...                  (boots unavailable)
Stlth    +++.......             m - amulet of harm
Regen    1.7/turn               D - ring of protection from cold
MPRegen  0.2/turn               o - ring of protection from fire

@: agile, berserk cooldown, regenerating, slowed, very slow
A: unfitting armour, claws 3, fast metabolism 3, gourmand, regeneration 1,
shaggy fur 1, tough skin 2
a: Berserk, Trog's Hand, Burn Spellbooks, Renounce Religion


You were on level 7 of the Dungeon.
You worshipped Trog.
Trog was most pleased with you.
You were not hungry.

You visited 1 branch of the dungeon, and saw 7 of its levels.

You collected 313 gold pieces.

Inventory:

Armour
 a - a +0 animal skin (worn)
 r - a +0 large shield
Jewellery
 m - an amulet of harm (around neck)
 o - a ring of protection from fire (right claw)
 u - an uncursed ring of resist corrosion
 D - a ring of protection from cold (left claw)
Wands
 z - a wand of flame (25/48)
Scrolls
 c - 5 scrolls of remove curse
 d - 5 scrolls of identify {unknown}
 i - 3 scrolls of amnesia {unknown}
 l - 2 scrolls of enchant armour {unknown}
 s - 3 scrolls of teleportation {unknown}
 v - a scroll of recharging {unknown}
 w - 3 scrolls of blinking {unknown}
 y - a scroll of enchant weapon {unknown}
 B - a scroll of immolation {unknown}
 C - a scroll of fear {unknown}
Potions
 e - a potion of haste {unknown}
 f - 7 potions of curing {unknown}
 h - a potion of agility
 j - a potion of ambrosia {unknown}
 k - 3 potions of might {unknown}
 n - 2 potions of lignification {unknown}
 p - 2 potions of mutation {unknown}
 q - 2 potions of brilliance {unknown}
 t - a potion of invisibility {unknown}
 x - 3 potions of berserk rage {unknown}
 A - 2 potions of degeneration {unknown}
 F - a potion of heal wounds {unknown}
Comestibles
 b - 5 bread rations
 g - 5 meat rations
 E - a royal jelly


   Skills:
 + Level 6.4 Fighting
 + Level 6.6 Dodging
 + Level 7.7 Unarmed Combat


You had 8 spell levels left.
You didn't know any spells.

Dungeon Overview and Level Annotations

Branches:
Dungeon (7/15)             Temple (0/1) D:6

Altars:
Okawaru
Ru
Sif Muna
Xom
The Shining One

Shops:
D:4 [


Innate Abilities, Weirdness & Mutations

You are too large for most types of armour.
You have claws for hands.
Your metabolism is lightning-fast.
You like to eat raw meat.
Your natural rate of healing is unusually fast.
You are covered in fur. (AC +1)
You have very tough skin. (AC +2)


Message History

Something bites you!
* * * LOW HITPOINT WARNING * * *
Something draws strength from your injuries!
You feel a strong urge to attack something.
Found 9 gold pieces.
You are too berserk!
You are no longer berserk.
You are exhausted.
You feel yourself slow down.
You closely miss the scorpion. The scorpion stings you.
* * * LOW HITPOINT WARNING * * *
The scorpion stings you.
* * * LOW HITPOINT WARNING * * *
You closely miss the scorpion. Something hits you.
* * * LOW HITPOINT WARNING * * *
Something bites you but does no damage. The scorpion closely misses you.
You feel agile all of a sudden.
You feel the effects of Trog's Hand fading.
Something hits you but does no damage. Something bites you.
You die...

#.... .#. .#
#...###.#.###$#
#......#..$..#
#..... ..#Co
#..(###.#.###.#
#......#o.$..#
#(....({C:#
#.#...###.#
#<##.o.@s.#
#.###..$.......
#.# ##.........
#.# ##...[#.$.
#.# ####.....
... #.... #..
.... #.# ..#
#<#


You could see a scorpion and an orc.

Vanquished Creatures
  The ghost of Oddysee the Skirmisher, a novice DsBe of Trog (D:6)
  A black bear (D:6)
  An ice beast (D:6)
  A sky beast (D:6)
  A necrophage (D:7)
  An orc warrior (D:6)
  3 ogres
  2 centaurs (D:5)
  3 bullfrogs (D:6)
  2 scorpions
  A killer bee (D:7)
  A howler monkey (D:5)
  A bullfrog zombie (D:5)
  3 crimson imps
  3 hounds
  A jelly (D:5)
  2 orc priests
  5 orc wizards
  Natasha (twice) (D:2)
  5 worker ants
  5 adders
  2 shadow imps
  An adder zombie (D:6)
  2 worms
  3 leopard geckos
  19 orcs
  6 bats
  7 giant cockroaches
  5 goblins
  2 hobgoblins
  2 jackals (D:4)
  A quokka (D:6)
  2 ball pythons
  4 frilled lizards
  6 kobolds
  A leopard gecko zombie (D:6)
  2 rats
110 creatures vanquished.

Notes
Turn   | Place    | Note
-------+----------+-------------------------------------------
     0 | D:1      | MrModeste the Troll Berserker began the quest for the Orb.
     0 | D:1      | Reached XP level 1. HP: 22/22 MP: 0/0
   537 | D:1      | Reached XP level 2. HP: 28/29 MP: 1/1
   802 | D:2      | Found a glowing golden altar of the Shining One.
   914 | D:2      | Found a faded altar of an unknown god.
   915 | D:2      | Noticed Natasha
   923 | D:2      | Killed Natasha
   923 | D:2      | Reached XP level 3. HP: 30/36 MP: 2/2
  1185 | D:2      | Found a deep blue altar of Sif Muna.
  1527 | D:2      | Noticed Natasha
  1533 | D:2      | Killed Natasha
  1533 | D:2      | Reached XP level 4. HP: 19/45 MP: 3/3
  1749 | D:3      | Reached skill level 4 in Unarmed Combat
  1749 | D:3      | Reached XP level 5. HP: 16/53 MP: 4/4
  2003 | D:3      | Noticed an ogre
  2013 | D:3      | Killed an ogre
  2131 | D:3      | Found a sacrificial altar of Ru.
  2146 | D:3      | Reached ** piety under Trog
  2146 | D:3      | Reached XP level 6. HP: 45/62 MP: 5/5
  2213 | D:3      | Found a shimmering altar of Xom.
  2687 | D:4      | Found Voecob's Armour Shop.
  2945 | D:4      | Reached skill level 5 in Unarmed Combat
  3255 | D:5      | Entered Level 5 of the Dungeon
  3268 | D:5      | Reached XP level 7. HP: 62/70 MP: 6/6
  3340 | D:5      | Found an iron altar of Okawaru.
  3905 | D:5      | Reached skill level 5 in Dodging
  4115 | D:6      | Reached skill level 5 in Fighting
  4115 | D:6      | Reached skill level 6 in Unarmed Combat
  4115 | D:6      | Reached XP level 8. HP: 61/80 MP: 7/7
  4129 | D:6      | Reached *** piety under Trog
  4614 | D:6      | Noticed Oddysee's ghost (novice DsBe)
  4620 | D:6      | Killed Oddysee's ghost
  4620 | D:6      | Reached skill level 7 in Unarmed Combat
  4747 | D:6      | Reached XP level 9. HP: 82/89 MP: 8/8
  5041 | D:6      | Found a staircase to the Ecumenical Temple.
  5530 | D:7      | Noticed a cyclops
  5547 | D:7      | HP: 12/138 [something (14)]
  5552 | D:7      | HP: 4/92 [something (6)]
  5553 | D:7      | Slain by a vampire

Skill      XL: |  1  2  3  4  5  6  7  8 |
---------------+-------------------------+-----
Dodging        | 3 4 5 6 |  6.6
Fighting       | 3 4 5 6 |  6.4
Unarmed Combat | 4 5 6 7 |  7.7

Action                   |  1- 3 |  4- 6 |  7- 9 || total
-------------------------+-------+-------+-------++-------
Melee: Unarmed           |    71 |    97 |   160 ||   328
       Punch             |       |       |     2 ||     2
Invok: Berserk           |       |     1 |     2 ||     3
       Trog's Hand       |       |       |     2 ||     2
       Burn Spellbooks   |       |       |     1 ||     1
  Use: Scroll            |       |       |     1 ||     1
       Potion            |       |       |     1 ||     1
 Stab: Sleeping          |       |     1 |       ||     1
  Eat: Chunk             |    14 |    22 |    18 ||    54
Armor: Animal skin       |    34 |    17 |    55 ||   106
Dodge: Dodged            |    44 |    41 |   101 ||   186
